 Dungeon Crawl Stone Soup version 0.24-a0-434-gd57e52fea8 (webtiles) character file.

Game seed: 13450866807588061170

98 nikopol the Firebug (level 4, -11/24 HPs)
             Began as a Deep Elf Fire Elementalist on June 16, 2019.
             Killed by divine providence
             ... invoked by an orc priest
              (13 damage)
             ... on level 3 of the Dungeon.
             The game lasted 00:06:26 (1953 turns).

nikopol the Firebug (Deep Elf Fire Elementalist)    Turns: 1953, Time: 00:06:27

Health: -11/24     AC:  6    Str:  5    XL:     4   Next: 43%
Magic:  6/12       EV: 13    Int: 21    God:
Gold:   136        SH:  2    Dex: 15    Spells: 10/11 levels left

rFire    . . .     SeeInvis .   h - +0 dagger
rCold    . . .     Gourm    .   (no shield)
rNeg     . . .     Faith    .   a - +0 robe
rPois    .         Spirit   .   f - +2 helmet
rElec    .         Reflect  +   (no cloak)
rCorr    .         Harm     .   (no gloves)
MR       .....                  i - +0 pair of boots
Stlth    ++........             n - +2 amulet of reflection
HPRegen  0.08/turn              (no ring)
MPRegen  0.13/turn              (no ring)

@: no status effects
A: no striking features
a: no special abilities


You were on level 3 of the Dungeon.
You were not hungry.

You visited 1 branch of the dungeon, and saw 3 of its levels.

You collected 136 gold pieces.

Inventory:

Hand Weapons
 h - a +0 dagger (weapon)
Armour
 a - a +0 robe (worn)
 f - a +2 helmet (worn)
 i - a +0 pair of boots (worn)
Jewellery
 n - a +2 amulet of reflection (around neck)
 q - a cursed -3 ring of intelligence {unknown}
Scrolls
 d - 5 scrolls of identify {unknown}
 g - 2 scrolls of blinking {unknown}
 j - 2 scrolls of teleportation {unknown}
 m - a scroll of remove curse {unknown}
 o - a scroll of random uselessness {unknown}
 p - a scroll of amnesia {unknown}
 r - a scroll of enchant armour {unknown}
Potions
 b - 3 potions of curing {unknown}
 e - a potion of flight {unknown}
 l - a potion of mutation {unknown}
Comestibles
 c - 2 rations
 k - 3 chunks of flesh


   Skills:
 + Level 3.0 Dodging
 + Level 3.1 Stealth
 + Level 4.2 Spellcasting
 + Level 1.7 Conjurations
 + Level 4.3 Fire Magic


You had 10 spell levels left.
You knew the following spells:

 Your Spells              Type           Power        Failure   Level  Hunger
a - Flame Tongue          Conj/Fire      ###..        3%          1    None

Your spell library contained the following spells:

 Spells                   Type           Power        Failure   Level  Hunger
 Throw Flame              Conj/Fire      ###...       4%          2    #......
 Conjure Flame            Conj/Fire      ###.....     10%         3    ###....
 Inner Flame              Hex/Fire       ##......     14%         3    ###....
 Sticky Flame             Conj/Fire      ###.....     32%         4    ####...
 Fireball                 Conj/Fire      ###.......   67%         5    ######.
 Poison Arrow             Conj/Pois      #.........   100%        6    #######
 Chain Lightning          Conj/Air       #.........   100%        8    #######
 Lehudib's Crystal Spear  Conj/Erth      #.........   100%        8    #######
 Fire Storm               Conj/Fire      ###.......   100%        9    #######
 Glaciate                 Conj/Ice       #.........   100%        9    #######


Dungeon Overview and Level Annotations

Branches:
Dungeon (3/15)

Altars:
Trog
Uskayaw
Xom


Message History

Confirm with . or Enter, or press ? or * to list all spells.
Aiming: Flame Tongue (safe; 3% risk of failure)
Press: ? - help, Shift-Dir - straight line, f/p - orc priest
Aim: an orc priest, wielding a +1 war axe of chopping (moderately wounded)
The flame tongue hits the orc priest.
The orc priest is heavily wounded.
The orc priest hits you with a +1 war axe of chopping!
* * * LOW HITPOINT WARNING * * *
x2
Casting: Flame Tongue (safe; 3% risk of failure)
Confirm with . or Enter, or press ? or * to list all spells.
Aiming: Flame Tongue (safe; 3% risk of failure)
Press: ? - help, Shift-Dir - straight line, f/p - orc priest
Aim: an orc priest, wielding a +1 war axe of chopping (heavily wounded)
The flame tongue hits the orc priest.
The orc priest is almost dead.
A hound comes into view.
The orc priest calls down the wrath of Beogh upon you.
Beogh smites you!
Ouch! That really hurt!
You die...

######
..(...################
..................>..#
.....#.############.#
##########.# #..#
.h..l..o@..# #...
###.......# #..^
#......%# ##.^
..''..)....# #.^
..##.......# #..
#.#.#...# #.#
#.......# #..
#.#.#...# ####
......... ....


You could see a hound (wandering), an orc priest and a frilled lizard.

Vanquished Creatures
  A gnoll (D:2)
  3 adders
  A worm (D:2)
  A dart slug (D:3)
  A leopard gecko (D:2)
  3 orcs (D:3)
  A ball python (D:3)
  A giant cockroach (D:2)
  9 goblins
  7 hobgoblins
  4 jackals (D:2)
  9 kobolds
  3 bats
  2 frilled lizards
  5 rats
51 creatures vanquished.

Notes
Turn   | Place    | Note
-------+----------+-------------------------------------------
     0 | D:1      | nikopol the Deep Elf Fire Elementalist began the quest for
                  | the Orb.
     0 | D:1      | Reached XP level 1. HP: 10/10 MP: 6/6
   487 | D:1      | Reached XP level 2. HP: 12/15 MP: 6/8
   981 | D:2      | Reached XP level 3. HP: 19/19 MP: 2/9
  1093 | D:2      | Found a bloodstained altar of Trog.
  1692 | D:3      | Found a hide-covered altar of Uskayaw.
  1692 | D:3      | Noticed a +0 dagger
  1693 | D:3      | Noticed a +0 dagger
  1702 | D:3      | Reached XP level 4. HP: 24/24 MP: 7/12
  1913 | D:3      | Found a shimmering altar of Xom.
  1953 | D:3      | Killed from afar by an orc priest

Levels and vault maps discovered:
D:1:      lemuel_arrival_muddy, layout_basic
D:2:      layout_basic, bloody_trog
D:3:      layout_basic, dancing_weapons_uskayaw, serial_glass, glass_columns_b,
          glass_columns_a, item_on_display_a, item_on_display_a,
          xom_teletrap_fun

Skill      XL: |  1  2  3  4 |
---------------+-------------+-----
Dodging        | 3 |  3.0
Fire Magic     | 4 |  4.3
Spellcasting   | 4 |  4.2
Stealth        | 3 |  3.1
Conjurations   | |  1.7

Action                   |  1- 3 |  4- 6 || total
-------------------------+-------+-------++-------
 Cast: Flame Tongue      |    68 |    25 ||    93
  Eat: Chunk             |     2 |     1 ||     3
Armor: Robe              |     1 |     3 ||     4
Dodge: Dodged            |    13 |     4 ||    17
Block: Other             |       |     1 ||     1

Table legend:
 A = Non-vault XP
 B = Vault XP
 C = Vault XP percentage of total XP
 D = Non-vault monster count
 E = Vault monster count
 F = Vault count percentage of total count
                 A         B        C        D         E       F
            +---------+---------+-------+---------+---------+-------
      Total |     140 |       0 |   0.0 |      51 |       0 |   0.0
            +---------+---------+-------+---------+---------+-------
        D:1 |      17 |       0 |   0.0 |      11 |       0 |   0.0
        D:2 |      88 |       0 |   0.0 |      30 |       0 |   0.0
        D:3 |      35 |       0 |   0.0 |      10 |       0 |   0.0
            +---------+---------+-------+---------+---------+-------
